 Dungeon Crawl Stone Soup version 0.31.0 (webtiles) character file.

Game seed: 9275197243228087674

42 qw the Shooter (level 3, -5/22 HPs)
             Began as a Gargoyle Hunter on Jan 19, 2024.
             Slain by Grinder (6 damage)
             ... on level 3 of the Dungeon.
             The game lasted 00:00:04 (1785 turns).

qw the Shooter (Gargoyle Hunter)                    Turns: 1785, Time: 00:00:05

Health: -5/22      AC: 11    Str: 14    XL:     3   Next: 54%
Magic:  3/3        EV: 11    Int:  9    God:
Gold:   56         SH:  0    Dex: 18    Spells: 2/2 levels left

rFire   . . .        h - +3 sling "Etyewir" {freeze, rC+ Dex+3 Stlth+}
rCold   + . .        (no shield)
rNeg    + . .        g - +0 ring mail
rPois   inf          (no helmet)
rElec   +            (no cloak)
rCorr   .            f - +2 pair of gloves
SInv    .            (no boots)
Will    .....        (no amulet)
Stlth   ++           (no ring)
HPRegen 0.23/turn    (no ring)
MPRegen 0.08/turn

%: no passive effects
@: no status effects
A: sickness immunity, AC +3, negative energy resistance 1, electricity
resistance, torment resistance 1, petrification resistance
a: no special abilities


You were on level 3 of the Dungeon.
You visited 1 branch of the dungeon, and saw 3 of its levels.

You collected 56 gold pieces.


Innate Abilities, Weirdness & Mutations

You are immune to sickness and miasma.
Your stone body is resilient. (AC +3)
You are immune to poison.
You resist negative energy. (rN+)
You are resistant to electric shocks. (rElec)
You are resistant to unholy torment.
You are immune to petrification.


   Skills:
 - Level 2.5 Fighting
 - Level 5.0 Ranged Weapons
 + Level 0.3 Armour
 - Level 1.5 Dodging
 - Level 1.1 Stealth


You had 2 spell levels left.
You didn't know any spells.
Your spell library was empty.

Inventory:

Hand Weapons
 h - the +3 sling "Etyewir" (weapon) {freeze, rC+ Dex+3 Stlth+}
   (You found it on level 2 of the Dungeon)

   Dex+3:     It affects your dexterity (+3).
   rC+:       It protects you from cold.
   Stlth+:    It makes you more stealthy.
Armour
 f - a +2 pair of gloves (worn)
 g - a +0 ring mail (worn)
Scrolls
 a - a scroll of enchant armour
 e - a scroll of identify

Dungeon Overview and Level Annotations

Branches:
Dungeon (3/15)

Altars:

Annotations:
D:3 Grinder


Message History

Grinder hits you but does no damage.
1776 ||| ZAPPING wand of flame (2) at -1,-1 (Grinder; floor).
Aiming: Throw Flame
Press: ? - help, Q - select action, (/) - cycle Shift-Dir - straight line, f/p - Grinder The puff of flame hits Grinder.
Grinder is lightly wounded.
Grinder blinks!
1777 ||| ZAPPING wand of flame (1) at 2,1 (Grinder; floor).
Aiming: Throw Flame
Press: ? - help, Q - select action, (/) - cycle Shift-Dir - straight line, f/p - Grinder The puff of flame hits Grinder.
Grinder is moderately wounded.
The now-empty wand crumbles to dust.
You shoot a sling bullet.
The sling bullet completely misses Grinder.
Grinder gestures at you.
You barely resist. You shoot a sling bullet.
The sling bullet barely misses Grinder.
Grinder hits you. x2; You writhe in agony.
You shoot a sling bullet. The sling bullet hits Grinder.
Grinder is moderately wounded.
Grinder hits you.
You shoot a sling bullet.
The sling bullet hits Grinder but does no damage.
Grinder is moderately wounded.
Grinder gestures at you. Pain shoots through your body!
You shoot a sling bullet.
The sling bullet closely misses Grinder.
Grinder barely misses you.
Grinder blinks!
You shoot a sling bullet. The sling bullet hits Grinder!
Grinder is heavily wounded.
You shoot a sling bullet. The sling bullet hits Grinder.
Grinder is severely wounded.
Grinder hits you.
You writhe in agony.
You shoot a sling bullet. The sling bullet hits Grinder.
Grinder is severely wounded.
Grinder hits you.
You die...
Grinder says, "Hey, I wasn't done torturing you yet!"

##... # +# ##...# .
...## ....#.. ...##
#.%.#.# #... ...#..
#..#### #).... #.5@..##
#.#... .......#...####
#..... .......+...'..#
##.####
.......#...##.####.<#
.......+...##.##....#
.......##.#....#.##.#...
....... ###...........#
....... #.....#.#...#
#####>..#...#


You could see Grinder.

Vanquished Creatures
  An adder (D:2)
  A dart slug (D:2)
  A ribbon worm (D:2)
  2 endoplasms (D:1)
  A giant cockroach (D:1)
  3 goblins
  2 hobgoblins
  8 jackals (D:2)
  A quokka (D:2)
  A bat (D:2)
  A frilled lizard (D:2)
  2 kobolds (D:2)
24 creatures vanquished.

Notes
Turn   | Place    | Note
-------+----------+-------------------------------------------
     0 | D:1      | qw the Gargoyle Hunter began the quest for the Orb.
     0 | D:1      | Reached XP level 1. HP: 12/12 MP: 1/1
     0 | D:1      | 0 ||| qw: Version: 0.3-a-132-g3d54051
     0 | D:1      | 0 ||| qw: Game counter: 343
     0 | D:1      | 0 ||| qw: Melee chars always use a shield: true
     0 | D:1      | 0 ||| qw: God list: Okawaru
     0 | D:1      | 0 ||| qw: Allow faded altars: false
     0 | D:1      | 0 ||| qw: Do Orc after clearing Dungeon:15 true
     0 | D:1      | 0 ||| qw: Do second Lair branch before Depths: true
     0 | D:1      | 0 ||| qw: Lair rune preference: random
     0 | D:1      | 0 ||| qw: Goals: Normal
     0 | D:1      | 0 ||| PLANNING D:1-11
   689 | D:1      | 689 ||| UPGRADING to +0 pair of gloves.
   694 | D:1      | 694 ||| READING 2 scrolls labelled WIFRITSOIVVU.
   694 | D:1      | 694 ||| ENCHANTING +0 pair of gloves.
   695 | D:1      | 695 ||| READING scroll of enchant armour.
   695 | D:1      | 695 ||| ENCHANTING +1 pair of gloves.
   696 | D:1      | 696 ||| READING scroll labelled SOAQEN PEZA.
   697 | D:1      | 697 ||| READING scroll labelled XIFANA ETUUR.
   698 | D:1      | 698 ||| READING scroll labelled QOIZUO ICUZXEA.
   699 | D:1      | 699 ||| DROPPING scroll of butterflies.
   840 | D:2      | Reached XP level 2. HP: 17/17 MP: 2/2
   980 | D:2      | 980 ||| FLEEEEING.
  1120 | D:2      | Reached skill level 5 in Ranged Weapons
  1120 | D:2      | Reached XP level 3. HP: 17/21 MP: 3/3
  1200 | D:2      | Identified the +3 sling "Etyewir" {freeze, rC+ Dex+3
                  | Stlth+}
  1202 | D:2      | 1202 ||| SWAPPING to +3 sling "Etyewir" {freeze, rC+ Dex+3
                  | Stlth+}.
  1203 | D:2      | 1203 ||| DROPPING +0 shortbow.
  1549 | D:2      | Found a faded altar of an unknown god.
  1663 | D:2      | 1663 ||| DROPPING scarf of harm.
  1664 | D:2      | 1664 ||| UPGRADING to +0 ring mail.
  1674 | D:2      | 1674 ||| DROPPING +0 leather armour.
  1675 | D:2      | 1675 ||| READING 2 scrolls labelled MOSCHIMU NIXI.
  1764 | D:3      | Noticed Grinder
  1765 | D:3      | 1765 ||| ZAPPING wand of flame (6) at -1,-2 (Grinder;
                  | floor).
  1765 | D:3      | Paralysed by Grinder for 4 turns
  1769 | D:3      | 1769 ||| ZAPPING wand of flame (5) at -1,-1 (Grinder;
                  | floor).
  1770 | D:3      | 1770 ||| ZAPPING wand of flame (4) at -1,-1 (Grinder;
                  | floor).
  1770 | D:3      | Paralysed by Grinder for 5 turns
  1775 | D:3      | 1775 ||| ZAPPING wand of flame (3) at -1,-1 (Grinder;
                  | floor).
  1776 | D:3      | 1776 ||| ZAPPING wand of flame (2) at -1,-1 (Grinder;
                  | floor).
  1777 | D:3      | 1777 ||| ZAPPING wand of flame (1) at 2,1 (Grinder; floor).
  1784 | D:3      | HP: 3/22 [Grinder (5)]
  1784 | D:3      | HP: 1/22 [Grinder (2)]
  1785 | D:3      | Slain by Grinder

Levels and vault maps discovered:
D:1:      tarquinn_simple_flora_water_d, layout_basic
D:2:      cheibrodos_old_hovel, layout_loops_corners,
          shapermc_ecumenical_altar_hornbeckon
D:3:      layout_basic, fedhas_altar_fruit_tree,
          mainiacjoe_overflow_surrounded_room,
          nicolae_overflow_macrodata_refinement, uniq_ijyb, uniq_grinder

Skill      XL: |  1  2 |
---------------+-------+-----
Ranged Weapons | 5 |  5.0
Fighting       | |  2.5
Armour         | |  0.3
Dodging        | |  1.5
Stealth        | |  1.1

Action                     || total
---------------------------++-------
   Fire: Shortbow          ||    68
         Sling             ||    15
  Evoke: Wand              ||     6
    Use: Scroll            ||     6
 Armour: Leather armour    ||    32
         Ring mail         ||    11
  Dodge: Dodged            ||    22

Table legend:
 A = Non-vault XP
 B = Vault XP
 C = Vault XP percentage of total XP
 D = Non-vault monster count
 E = Vault monster count
 F = Vault count percentage of total count
                 A         B        C        D         E       F
            +---------+---------+-------+---------+---------+-------
      Total |      58 |       2 |   3.3 |      23 |       1 |   4.2
            +---------+---------+-------+---------+---------+-------
        D:1 |       6 |       0 |   0.0 |       3 |       0 |   0.0
        D:2 |      48 |       2 |   4.0 |      18 |       1 |   5.3
        D:3 |       4 |       0 |   0.0 |       2 |       0 |   0.0
            +---------+---------+-------+---------+---------+-------
